 Dungeon Crawl Stone Soup version 0.30.1-6-gbe392663c4 (webtiles) character file.

Game seed: 4157800854961604839

398 Ivernyr the Shield-Bearer (level 7, 0/55 HPs)
             Began as a Formicid Fighter on Sept 20, 2023.
             Was a Follower of Wu Jian.
             Slain by an ogre
             ... wielding a +0 giant club
              (15 damage)
             ... on level 5 of the Dungeon.
             The game lasted 00:06:23 (3622 turns).

Ivernyr the Shield-Bearer (Formicid Fighter)        Turns: 3622, Time: 00:06:24

Health: 0/55       AC:  8    Str: 22    XL:     7   Next: 10%
Magic:  7/7        EV:  9    Int:  8    God:    Wu Jian [*.....]
Gold:   244        SH:  5    Dex: 13    Spells: 6/6 levels left

rFire   . . .        a - +0 quarterstaff
rCold   . . .        c - +0 buckler
rNeg    + . .        b - +0 scale mail
rPois   .            (helmet unavailable)
rElec   .            (no cloak)
rCorr   .            o - +0 pair of gloves
SInv    +            (no boots)
Will    .....        (no amulet) Stlth
                     h - ring of positive energy
HPRegen 0.29/turn    (no ring)
MPRegen 0.10/turn

%: no passive effects
@: no status effects
A: permanent stasis, dig shafts and tunnels, antennae 3, four strong arms
a: Dig, Shaft Self, Renounce Religion


You were on level 5 of the Dungeon.
You worshipped Wu Jian.
Wu Jian was aware of your devotion.
You visited 1 branch of the dungeon, and saw 5 of its levels.

You collected 244 gold pieces.

Inventory:

Hand Weapons
 a - a +0 quarterstaff (weapon)
Armour
 b - a +0 scale mail (worn)
 c - a +0 buckler (worn)
 o - a +0 pair of gloves (worn)
Jewellery
 h - a ring of positive energy (left hand)
 k - a ring of resist corrosion
Wands
 u - a wand of digging (6)
Scrolls
 e - 3 scrolls of immolation {unknown}
 g - 4 scrolls of identify {unknown}
 l - a scroll of poison {unknown}
 m - a scroll of blinking {unknown}
 q - a scroll of torment {unknown}
 t - 3 scrolls of fear {unknown}
Potions
 d - a potion of might
 f - 4 potions of curing {unknown}
 i - a potion of lignification {unknown}
 j - a potion of mutation {unknown}
 n - a potion of haste {unknown}
 p - a potion of berserk rage {unknown}
 r - 2 potions of degeneration {unknown}
 s - a potion of heal wounds {unknown}
 v - a potion of magic {unknown}
 w - a potion of ambrosia {unknown}


   Skills:
 + Level 4.6 Fighting
 * Level 4.6 Staves
 + Level 4.6 Armour
 + Level 5.6 Shields


You had 6 spell levels left.
You didn't know any spells.
Your spell library was empty.

Dungeon Overview and Level Annotations

Branches:
Dungeon (5/15)
 Temple: D:4-7

Altars:
Cheibriados
Wu Jian
Yredelemnul

Annotations:
D:3 3 runed translucent doors, Flure's ghost, amateur MeTm


Innate Abilities, Weirdness & Mutations

You cannot be hasted, slowed, berserked, paralysed or teleported.
You can dig through walls and to a lower floor.
You have a pair of large antennae on your head. (SInv)
Your four strong arms can wield two-handed weapons with a shield.


Message History

You see here a +0 ring mail.
Why would you want to do that? Why would you want to do that?
Why would you want to do that? Why would you want to do that?
You hit the worm.
The worm is lightly wounded.
The worm closely misses you.
You barely miss the worm.
The worm is lightly wounded.
You block the worm's attack.
You hit the worm.
The worm is moderately wounded.
You sock the worm!
The worm is almost dead.
The worm bites you.
You hit the worm.
You kill the worm!
The Council accepts your kill.
There is a snail-covered altar of Cheibriados here.
Why would you want to do that? Why would you want to do that?
The ogre hits you with a +0 giant club!
You hit the ogre.
The ogre is lightly wounded.
The ogre hits you with a +0 giant club!!
Ouch! That really hurt!
* * * LOW HITPOINT WARNING * * *
You thump the ogre!
The ogre is heavily wounded.
You hit the ogre.
The ogre is severely wounded.
You block the ogre's attack.
You hit the ogre.
The ogre is almost dead.
The ogre barely misses you.
You completely miss the ogre.
The ogre is almost dead.
The ogre hits you with a +0 giant club!
You die...

# #...........##.########.
#.#..≈≈≈≈≈≈≈≈.###.......#<
#.#.≈..?....≈.##.######.#.
#...≈.§§≈§≈.≈.#.# ##.#.
#.#.≈.≈...≈.≈..#######....
#.#.≈[§._.§.≈.#...........
#...≈.≈...≈.≈.#.######.<..
###.≈.≈≈≈≈..≈.#.# ##.#.
#.≈...O@..≈...# #.#.
#..≈≈≈≈≈≈≈≈≈...# #.#.
..../......l..?.#.# #.#.
####...##.###..## # #.#.
#### #.# .... #.#. ...
....# #... #.≈≈≈ ≈≈≈.# ..
#.........#


You could see an ogre and an iguana.

Vanquished Creatures
  Blork the orc (D:4)
  A hound (D:4)
  An orc priest (D:3)
  3 orc wizards
  A hound zombie (D:3)
  3 gnolls (D:4)
  4 adders (D:4)
  5 worms
  4 dart slugs
  11 orcs
  5 endoplasms (D:2)
  2 giant cockroaches
  8 goblins
  6 hobgoblins
  3 jackals (D:1)
  5 quokkas
  8 ball pythons
  A ball python zombie (D:3)
  3 bats
  5 frilled lizards
  7 kobolds
  9 rats (D:1)
96 creatures vanquished.

Notes
Turn   | Place    | Note
-------+----------+-------------------------------------------
     0 | D:1      | Ivernyr the Formicid Fighter began the quest for the Orb.
     0 | D:1      | Reached XP level 1. HP: 18/18 MP: 1/1
    49 | D:1      | Reached XP level 2. HP: 22/24 MP: 2/2
   425 | D:1      | Reached XP level 3. HP: 28/29 MP: 3/3
  1094 | D:2      | Reached XP level 4. HP: 34/37 MP: 4/4
  1390 | D:2      | Found a faded altar of an unknown god.
  1665 | D:3      | Found an ornate altar of the Wu Jian Council.
  1712 | D:3      | Became a worshipper of the Wu Jian Council
  1755 | D:3      | Reached XP level 5. HP: 42/42 MP: 5/5
  1853 | D:3      | Found a runed translucent gate.
  1853 | D:3      | Found a runed translucent gate.
  1853 | D:3      | Found a runed translucent gate.
  1853 | D:3      | Noticed Flure's ghost (amateur MeTm)
  1855 | D:3      | Found a basalt altar of Yredelemnul.
  1871 | D:3      | Reached skill level 5 in Shields
  2634 | D:4      | Reached XP level 6. HP: 37/48 MP: 6/6
  2865 | D:4      | Reached * piety under Wu Jian
  3310 | D:4      | Noticed Blork the orc
  3323 | D:4      | Killed Blork the orc
  3324 | D:4      | Reached XP level 7. HP: 8/55 MP: 7/7
  3541 | D:5      | Entered Level 5 of the Dungeon
  3586 | D:5      | Found a snail-covered altar of Cheibriados.
  3622 | D:5      | Slain by an ogre

Illustrated notes

Levels and vault maps discovered:
D:1:      dpeg_arrival_ratfight, layout_loops_ring
D:2:      layout_rooms, shapermc_ecumenical_altar_hornbeckon,
          amcnicky_mini_corridor_feature, roderic_serpentine_path,
          minmay_split_cup_small
D:3:      layout_loops_corners, nicolae_wu_jian_immortal_techniques,
          nicolae_yredelemnul_ghost_church
D:4:      layout_loops_ring, nicolae_wormholes, uniq_blork_the_orc
D:5:      layout_loops_ring, mainiacjoe_overflow_cross_hatched,
          grunt_gozag_statues, mainiacjoe_overflow_concentric_impassable,
          grunt_dithmenos_shadows, mainiacjoe_overflow_two_lobes

Skill      XL: |  1  2  3  4  5 |
---------------+----------------+-----
Staves         | 3 4 |  4.6
Fighting       | 4 |  4.6
Armour         | 4 |  4.6
Shields        | 5 |  5.6

Action                     |  1- 3 |  4- 6 |  7- 9 || total
---------------------------+-------+-------+-------++-------
  Melee: Quarterstaff      |   107 |   159 |    20 ||   286
Ability: Lunge             |       |     6 |     1 ||     7
         Whirlwind         |       |     1 |       ||     1
 Armour: Scale mail        |    39 |    49 |     2 ||    90
  Dodge: Dodged            |    52 |    52 |     4 ||   108
  Block: Buckler           |    24 |    38 |     4 ||    66
